 Dungeon Crawl Stone Soup version 0.27.1-34-g3ba077fa99 (webtiles) character file.

Game seed: 718520032197413047

23 cbfl8 the Insei (level 3, -1/27 HPs)
             Began as a Djinni Transmuter on Jan 12, 2022.
             Was an Initiate of Gozag.
             Slain by Terence (7 damage)
             ... on level 2 of the Dungeon.
             The game lasted 00:04:40 (2871 turns).

cbfl8 the Insei (Djinni Transmuter)                 Turns: 2871, Time: 00:04:41

Health: -1/27      AC:  6    Str: 10    XL:     3   Next: 10%
Gold:   81         EV:  8    Int: 14    God:    Gozag SH:  3 Dex: 13

rFire    + + .     SeeInvis .   c - +0 spear
rCold    x . .     Faith    .   k - +0 buckler
rNeg     . . .     Spirit   .   j - +0 scale mail
rPois    ∞         Reflect  .   (no helmet)
rElec    .         Harm     .   (no cloak)
rCorr    .         Rampage  .   (no gloves)
Will     .....                  (boots unavailable)
Stlth    ..........             (no amulet)
HPRegen  0.09/turn              (no ring)
MPRegen  0.00/turn              (no ring)

@: gold aura, flying
A: sickness immunity, fire resistance 2, cold vulnerability 1, float, innate
caster, hp casting, extra vitality 1
a: Renounce Religion, Potion Petition, Call Merchant, Bribe Branch


You were on level 2 of the Dungeon.
You worshipped Gozag.
Gozag was noncommittal.
You visited 1 branch of the dungeon, and saw 2 of its levels.

You collected 81 gold pieces.

Inventory:

Hand Weapons
 b - a +0 whip
 c - a +0 spear (weapon)
 m - a +0 dagger
 n - a +0 spear
 o - a +0 dagger
Missiles
 h - 15 arrows
Armour
 a - a +0 robe
 f - a +0 ring mail
 g - a +0 robe
 j - a +0 scale mail (worn)
 k - a +0 buckler (worn)
 l - a +0 scale mail
 p - a +0 leather armour
Scrolls
 d - a scroll of teleportation {unknown}
 i - 2 scrolls of fog {unknown}
Potions
 e - a potion of mutation {unknown}


   Skills:
 + Level 1.1 Fighting
 + Level 0.2 Polearms
 + Level 0.6 Armour
 + Level 2.4 Dodging
 + Level 3.5 Unarmed Combat
 + Level 1.6 Spellcasting


You couldn't memorise any spells.
You knew the following spells:

 Your Spells              Type           Power      Damage    Failure   Level
a - Beastly Appendage     Tmut           10%        N/A       82%         1
b - Wereblood             Tmut           5%         N/A       91%         2
c - Spider Form           Tmut/Pois      2%         N/A       99%         3
d - Ice Form              Ice/Tmut       5%         N/A       100%        4
e - Sandblast             Erth           10%        2d5       82%         1
Your spell library was empty.

Dungeon Overview and Level Annotations

Branches:
Dungeon (2/15)

Altars:
Gozag

Annotations:
D:2 Terence


Innate Abilities, Weirdness & Mutations

You are immune to sickness and miasma.
You are immune to poison.
Your flesh is very heat resistant. (rF++)
You are vulnerable to cold. (rC-)
You float through the air rather than walking.
You learn spells naturally, not from books.
Your magical power is your life essence.
You have superior vitality. (+4 HP)


Message History

Found a robe.
You see here a +0 leather armour.
p - a +0 leather armour Terence the Incautious comes into view.
He is wielding a +0 short sword.
Terence shouts!
The hobgoblin barely misses you.
You hit the goblin.
You kill the goblin!
The hobgoblin barely misses you. The hobgoblin hits you.
The hobgoblin hits you but does no damage.
Things that are here:
8 gold pieces; a +0 dagger The hobgoblin hits you.
The hobgoblin hits you but does no damage.
You hit the hobgoblin.
You kill the hobgoblin!
Terence is distracted by your dazzling golden aura.
Terence shouts!
You hit Terence but do no damage.
Terence is no longer distracted by gold.
Terence screams, "I'm going to kill you!"
Terence hits you with a +0 short sword.
You hit Terence but do no damage. Terence hits you with a +0 short sword.
You closely miss Terence. Terence hits you with a +0 short sword.
You barely miss Terence. Terence closely misses you.
Terence hits you with a +0 short sword.
You hit Terence.
Terence is lightly wounded.
Terence hits you with a +0 short sword.
You closely miss Terence.
Terence is lightly wounded.
An endoplasm comes into view.
Terence hits you with a +0 short sword.
* * * LOW HITPOINT WARNING * * *
The endoplasm quivers.
You hit Terence.
Terence is moderately wounded.
Terence hits you with a +0 short sword!
You die...
Your body crumbles into a pile of gold.

..# ..##.. #.#
..#..#
####J##.....##
#............#
#.<...........
#.............$
#.............
#####$$.......
#.@@......
##........
....!....
#.........
#...[.....
#.........
#.........
##.......#


You could see Terence and an endoplasm.

Vanquished Creatures
  A dart slug (D:1)
  3 endoplasms (D:1)
  A giant cockroach (D:1)
  2 goblins
  A hobgoblin (D:2)
  A kobold (D:1)
  A quokka (D:1)
  2 bats (D:1)
  5 frilled lizards (D:1)
  4 rats (D:1)
21 creatures vanquished.

Vanquished Creatures (others)
  4 fungi (D:1)
  5 plants (D:1)
9 creatures vanquished.

Grand Total: 30 creatures vanquished

Notes
Turn   | Place    | Note
-------+----------+-------------------------------------------
     0 | D:1      | cbfl8 the Djinni Transmuter began the quest for the Orb.
     0 | D:1      | Reached XP level 1. HP: 17/17 MP: 0/0
   473 | D:1      | Reached XP level 2. HP: 18/22 MP: 0/0
   496 | D:1      | Found a faded altar of an unknown god.
   500 | D:1      | Became a worshipper of Gozag Ym Sagoz the Greedy
  2598 | D:1      | Reached XP level 3. HP: 27/27 MP: 0/0
  2598 | D:1      | Learned a level 1 spell: Sandblast
  2859 | D:2      | Noticed Terence
  2871 | D:2      | Slain by Terence

Illustrated notes

Levels and vault maps discovered:
D:1:      heliophobic_arrival_ceremonial_halls, layout_basic,
          shapermc_ecumenical_altar_mp_urbaneastern, st_stairs_6
D:2:      layout_rooms, uniq_crazy_yiuf_cottage, uniq_terence

Action                   || total
-------------------------++-------
Melee: Spear             ||   114
       Unarmed           ||    10
       Punch             ||     3
 Cast: Beastly Appendage ||     1
 Stab: Distracted        ||     1
Armor: Ring mail         ||    10
       Robe              ||     3
       Scale mail        ||    40
Dodge: Dodged            ||    45
Block: Buckler           ||     8
